[Event "Titled Tuesday Blitz April 11 Late 2023"]
[White "Krishnan, Varun"]
[Black "Kula, Robert"]
[WhiteFideId "5054508"]
[BlackFideId "1101218"]
[WhiteElo "2341"]
[BlackElo "2180"]
[Result "0-1"]
[Round "02"]
[TimeControl "180+2"]
[Date "2023.04.11"]
[WhiteClock "0:00:10"]
[BlackClock "0:00:24"]

1. d4 d5 2. c4 c6 3. Nc3 Nf6 4. e3 e6 5. Nf3 Nbd7 6. Qc2 Be7 7. Bd3 O-O 8. O-O a6 9. b3 b5 10. Bb2 b4 11. Ne2 a5 12. Ng3 Ba6 13. e4 h6 14. e5 Ne8 15. Nd2 Nb6 16. f4 dxc4 17. bxc4 c5 18. f5 exf5 19. d5 g6 20. Nxf5 gxf5 21. Bxf5 Bg5 22. e6 f6 23. Ne4 Nxc4 24. Qe2 Nxb2 25. Qh5 Qe7 26. d6 Nxd6 27. Nxd6 Bxf1 28. Rxf1 Qg7 29. h4 Be3+ 30. Kh2 Rad8 31. Rf3 Bd4 32. e7 Be5+ 33. Kh3 Rxd6 34. exf8=Q+ Kxf8 35. Bg4 Ke7 36. Qf5 Qg8 37. Qe4 Rb6 38. Qf5 Rb7 39. Qe4 Rc7 40. Rd3 Nxd3 41. Qxd3 c4 42. Qe3 h5 43. Bxh5 Qg3+ 44. Qxg3 Bxg3 45. Kxg3 c3 46. Bg6 c2 47. Bxc2 Rxc2 48. h5 Rxa2 49. h6 Kf7 50. h7 Kg7 51. Kh3 Kxh7 52. g4 Kg6 53. Kh4 Rb2 54. g5 fxg5+ 55. Kg4 Rf2 56. Kg3 Rf4 57. Kh3 Kf5 58. Kg3 Ke4 59. Kh3 Kf3 60. Kh2 Kf2 61. Kh3 Rh4# 0-1


[Site "https://www.chess.com"]

[Event "Titled Tuesday Blitz April 11 Late 2023"]
[White "Silva, Caio Henrique Angelico"]
[Black "Zanette, Edgard Vinicius"]
[WhiteFideId "22777210"]
[BlackFideId "2109263"]
[WhiteElo "2096"]
[BlackElo "2211"]
[Result "1-0"]
[Round "02"]
[TimeControl "180+2"]
[Date "2023.04.11"]
[WhiteClock "0:02:33"]
[BlackClock "0:01:47"]

1. Nf3 Nf6 2. b3 g6 3. Bb2 Bg7 4. g3 O-O 5. Bg2 d6 6. d4 c6 7. O-O a5 8. c4 Bf5 9. Nc3 Ne4 10. Nh4 Nxc3 11. Bxc3 Bg4 12. Qd2 a4 13. e4 e5 14. h3 Be6 15. Nf3 Nd7 16. d5 cxd5 17. cxd5 1-0


[Site "https://www.chess.com"]

[Event "Titled Tuesday Blitz April 11 Late 2023"]
[White "Kohler, Aran"]
[Black "Taboas Rodriguez, Daniel"]
[WhiteFideId "1002856"]
[BlackFideId "2208466"]
[WhiteElo "2010"]
[BlackElo "2365"]
[Result "0-1"]
[Round "02"]
[TimeControl "180+2"]
[Date "2023.04.11"]
[WhiteClock "0:00:32"]
[BlackClock "0:01:31"]

1. e4 e5 2. Nf3 Nc6 3. Bc4 Nf6 4. Ng5 d5 5. exd5 Na5 6. Bb5+ c6 7. dxc6 bxc6 8. Bd3 h6 9. Ne4 Nd5 10. O-O g6 11. Re1 Bg7 12. Bf1 O-O 13. d3 f5 14. Nec3 Nb7 15. Nxd5 cxd5 16. c4 Be6 17. Nc3 d4 18. Nb5 a6 19. Na3 Qd7 20. g3 Nc5 21. b4 Na4 22. Bd2 Rab8 23. Bg2 Nc3 24. Bxc3 dxc3 25. Nc2 Rfd8 26. Qe2 Qxd3 27. Bd5 Rxd5 28. cxd5 Qxe2 29. Rxe2 Bxd5 30. a4 Bc4 31. b5 Bxe2 32. Nb4 axb5 33. a5 e4 34. Re1 Bd3 35. a6 c2 36. a7 Ra8 37. Nc6 Bc3 0-1


[Site "https://www.chess.com"]

[Event "Titled Tuesday Blitz April 11 Late 2023"]
[White "Araujo Sanchez, Josue"]
[Black "Kopacz, Grzegorz"]
[WhiteFideId "6416896"]
[BlackFideId "1109880"]
[WhiteElo "2420"]
[BlackElo "2037"]
[Result "1-0"]
[Round "02"]
[TimeControl "180+2"]
[Date "2023.04.11"]
[WhiteClock "0:01:08"]
[BlackClock "0:00:01"]

1. d4 Nf6 2. Nf3 g6 3. e3 d5 4. Be2 Bg7 5. O-O O-O 6. b3 c5 7. Bb2 cxd4 8. Nxd4 Nc6 9. Nd2 Bf5 10. Nxf5 gxf5 11. Nf3 e6 12. a3 Rc8 13. Rc1 Qb6 14. b4 Ne4 15. Bxg7 Kxg7 16. c4 dxc4 17. Bxc4 Rfd8 18. Qe2 a6 19. g3 Rd7 20. Bd3 Nf6 21. Rfe1 Rcd8 22. Bb1 Ne7 23. e4 fxe4 24. Bxe4 Nxe4 25. Qxe4 Ng6 26. h4 Qb5 27. Rc5 Qd3 28. h5 Qxe4 29. Rxe4 Ne7 30. Rg5+ Kf8 31. Kg2 Rd5 32. Rf4 h6 33. Re5 Nc6 34. Rxe6 Rxh5 35. Ref6 Rd7 36. g4 Rhd5 37. Rxh6 Ke7 38. Rh7 Nd8 39. Nh4 Rd3 40. Rh6 Ne6 41. Nf5+ Kd8 42. Rc4 R7d5 43. Rh8+ Kd7 44. Rb8 b5 45. Rb7+ Ke8 46. Rc8+ Rd8 47. Rxd8+ Rxd8 48. Ra7 1-0


[Site "https://www.chess.com"]

[Event "Titled Tuesday Blitz April 11 Late 2023"]
[White "Luo, Terry"]
[Black "Rian, Kapriaga"]
[WhiteFideId "30931045"]
[BlackFideId "7103263"]
[WhiteElo "2265"]
[BlackElo "2089"]
[Result "1-0"]
[Round "02"]
[TimeControl "180+2"]
[Date "2023.04.11"]
[WhiteClock "0:01:38"]
[BlackClock "0:00:01"]

1. d4 Nf6 2. Nc3 d5 3. Bf4 g6 4. e3 Bg7 5. h4 h5 6. Nf3 O-O 7. Be2 c6 8. Ne5 Nbd7 9. Qd2 Nxe5 10. Bxe5 b5 11. O-O-O a5 12. f3 a4 13. a3 Be6 14. Rdg1 Qa5 15. Na2 Qb6 16. g4 hxg4 17. Bxf6 exf6 18. h5 c5 19. dxc5 Qxc5 20. Bd3 f5 21. fxg4 d4 22. exd4 Qxd4 23. c3 Rac8 24. Nb4 fxg4 25. hxg6 fxg6 26. Qg5 Qf4+ 27. Qxf4 Rxf4 28. Bxg6 Rcf8 29. Re1 Bf5 30. Bxf5 R8xf5 31. Nc6 Rf2 32. Ne7+ Kf7 33. Nxf5 Rxf5 34. Ref1 Kg6 35. Rxf5 Kxf5 36. Rh5+ Kf4 37. Kd2 g3 38. Ke2 Kg4 39. Rxb5 Bf6 40. Kf1 Kf3 41. Rf5+ 1-0


[Site "https://www.chess.com"]

[Event "Titled Tuesday Blitz April 11 Late 2023"]
[White "De Souza, Cristiano Gomes"]
[Black "Goltseva, Ekaterina"]
[WhiteFideId "2151758"]
[BlackFideId "24173770"]
[WhiteElo "2068"]
[BlackElo "2200"]
[Result "0-1"]
[Round "02"]
[TimeControl "180+2"]
[Date "2023.04.11"]
[WhiteClock "0:00:15"]
[BlackClock "0:01:46"]

1. d4 Nf6 2. c4 e6 3. Nf3 d5 4. Nc3 Bb4 5. Bg5 h6 6. Bxf6 Qxf6 7. Rc1 O-O 8. e3 dxc4 9. Bxc4 c5 10. dxc5 Rd8 11. Qb3 Nc6 12. O-O Qg6 13. Nb5 Bxc5 14. Be2 Bb6 15. Rfd1 e5 16. Rxd8+ Bxd8 17. Qd5 Be6 18. Qd1 Bf6 19. Nd6 Rd8 20. Rxc6 bxc6 0-1


[Site "https://www.chess.com"]

[Event "Titled Tuesday Blitz April 11 Late 2023"]
[White "Hadzovic, Amir"]
[Black "Nadj Hedjesi, Balind"]
[WhiteFideId "14402300"]
[BlackFideId "934003"]
[WhiteElo "2294"]
[BlackElo "2368"]
[Result "0-1"]
[Round "02"]
[TimeControl "180+2"]
[Date "2023.04.11"]
[WhiteClock "0:00:02"]
[BlackClock "0:00:25"]

1. e4 c5 2. Nc3 a6 3. a3 b5 4. g3 Bb7 5. Bg2 e6 6. d3 d5 7. exd5 Nf6 8. Nf3 Nxd5 9. Nxd5 Bxd5 10. O-O Be7 11. Bf4 O-O 12. Qe2 Nc6 13. c3 Bf6 14. Rad1 Qb6 15. Qe3 Ne7 16. Ne5 Bxg2 17. Kxg2 Nd5 18. Qf3 Nxf4+ 19. Qxf4 Rfd8 20. Ng4 Be7 21. Rd2 Qc6+ 22. Qf3 Qxf3+ 23. Kxf3 Rd5 24. Rfd1 Rad8 25. Ne3 R5d7 26. h4 h5 27. Nc2 Bf6 28. Ke4 Rd5 29. d4 cxd4 30. Nxd4 Re5+ 31. Kf3 Red5 32. Nb3 Rxd2 33. Rxd2 Rxd2 34. Nxd2 Kf8 35. Ke4 Ke7 36. Kd3 Kd6 37. b3 Kd5 38. c4+ bxc4+ 39. Nxc4 Be7 40. b4 f6 41. Nd2 g5 42. Nf3 e5 43. Nd2 gxh4 44. gxh4 f5 45. Nf1 Bxh4 46. Ne3+ Ke6 47. a4 Bxf2 48. Nc4 h4 49. Ke2 Ba7 50. b5 axb5 51. axb5 Kd5 52. b6 Bb8 53. Ne3+ Ke4 54. Nc4 h3 55. Kf2 Kd4 56. Ne3 f4 57. Nf5+ Kc5 58. Ne7 e4 59. Ng6 e3+ 60. Kf3 h2 61. Ne7 h1=Q+ 62. Kg4 0-1


[Site "https://www.chess.com"]

[Event "Titled Tuesday Blitz April 11 Late 2023"]
[White "Manukyan, Artyom"]
[Black "Kostiukov, Alexandr"]
[WhiteFideId "13305786"]
[BlackFideId "14108100"]
[WhiteElo "2078"]
[BlackElo "2202"]
[Result "0-1"]
[Round "02"]
[TimeControl "180+2"]
[Date "2023.04.11"]
[WhiteClock "0:00:01"]
[BlackClock "0:00:09"]

1. e4 c5 2. b4 cxb4 3. a3 bxa3 4. Bxa3 Nf6 5. e5 Nd5 6. Nf3 g6 7. c4 Nc7 8. d4 Bg7 9. Bd3 O-O 10. h4 d6 11. h5 Nc6 12. hxg6 hxg6 13. e6 Nxe6 14. Bb2 Ncxd4 15. Nxd4 Nxd4 16. Bxg6 fxg6 17. Bxd4 e5 18. Be3 Be6 19. Nd2 d5 20. Bh6 Bxh6 21. Rxh6 Qg5 22. Rh1 Qxg2 23. Rf1 dxc4 24. Qc2 Rad8 25. Ra3 Qd5 26. Qxg6+ Kh8 27. Qh6+ Kg8 28. Qg6+ Kh8 29. Qh6+ Kg8 30. Rg1+ Kf7 31. Rg7+ Ke8 32. Rxa7 c3 33. Raxb7 Qxd2+ 34. Qxd2 cxd2+ 35. Kd1 Rf7 36. Rg8+ Rf8 37. Rgg7 Bf7 38. Rg5 Rd5 39. Rb8+ Ke7 40. Rb7+ Kf6 41. Rg3 Rc8 42. Rf3+ Kg5 0-1


[Site "https://www.chess.com"]

[Event "Titled Tuesday Blitz April 11 Late 2023"]
[White "Zampronha, Wladimir Camilo"]
[Black "Manea, Alexandru"]
[WhiteFideId "2103087"]
[BlackFideId "1207660"]
[WhiteElo "2176"]
[BlackElo "2226"]
[Result "1/2-1/2"]
[Round "02"]
[TimeControl "180+2"]
[Date "2023.04.11"]
[WhiteClock "0:00:13"]
[BlackClock "0:01:45"]

1. e4 a6 2. d4 c5 3. d5 e5 4. dxe6 dxe6 5. Qxd8+ Kxd8 6. a4 Bd6 7. Nd2 Kc7 8. Nc4 Ne7 9. f4 Nec6 10. Nxd6 Kxd6 11. Be3 b6 12. Nf3 Bb7 13. e5+ Ke7 14. a5 Nxa5 15. Bxc5+ bxc5 16. Rxa5 Nd7 17. Be2 Rhb8 18. b3 Be4 19. Kd2 Rb6 20. Rha1 Bb7 21. g3 f6 22. exf6+ gxf6 23. Ne1 e5 24. Bf3 e4 25. Bg4 c4 26. Bxd7 Kxd7 27. bxc4 Rc8 28. Ng2 Rxc4 29. Ne3 Rd6+ 30. Ke2 Rcd4 31. Rd1 Rxd1 32. Nxd1 Bc6 33. Ne3 Kc7 34. c4 Kb7 35. Rh5 Rd7 36. Rh6 Rf7 37. Nf5 Kb6 38. Nd6 Rd7 39. Rxf6 Kc5 40. Nf5 Kxc4 41. Rxc6+ Kb5 42. Rd6 Rc7 43. Rd2 a5 44. Ke3 Re7 45. Nd6+ Kb4 46. Nxe4 a4 47. f5 a3 48. g4 Kb3 49. Kf4 a2 50. Nc5+ Ka3 51. Rd1 Rc7 52. Ne6 Rb7 53. Ra1 Kb2 54. Rxa2+ Kxa2 55. g5 Kb2 56. Ke5 Kc3 57. Kf6 Kd3 58. h4 Ke4 59. h5 Rb5 60. Ng7 Rb6+ 61. Kf7 Rb7+ 62. Kg8 Kf4 63. g6 hxg6 64. fxg6 Kg5 65. Ne6+ Kxh5 66. g7 Kh6 67. Kf8 Rb8+ 68. Kf7 Rb7+ 69. Kf8 Rb8+ 70. Kf7 Kh7 71. Ng5+ Kh6 72. g8=Q Rxg8 73. Kxg8 1/2-1/2


[Site "https://www.chess.com"]

[Event "Titled Tuesday Blitz April 11 Late 2023"]
[White "Sarkar, Justin"]
[Black "Sai Han Thiha"]
[WhiteFideId "2010011"]
[BlackFideId "13012290"]
[WhiteElo "2189"]
[BlackElo "1954"]
[Result "0-1"]
[Round "02"]
[TimeControl "180+2"]
[Date "2023.04.11"]
[WhiteClock "0:00:01"]
[BlackClock "0:00:08"]

1. d3 d5 2. g3 Nf6 3. Bg2 c6 4. Nf3 Bf5 5. O-O e6 6. Nbd2 h6 7. c4 Nbd7 8. b3 Be7 9. Bb2 O-O 10. a3 a5 11. Qc2 Re8 12. e4 Bh7 13. Rfe1 Nc5 14. Rad1 Qb6 15. Qc3 Bf8 16. Ne5 Red8 17. Bf1 Ncd7 18. Nxd7 Rxd7 19. e5 Ne8 20. d4 Nc7 21. c5 Qa7 22. f4 Nb5 23. Qe3 b6 24. cxb6 Qxb6 25. a4 Nc7 26. g4 c5 27. Kh1 Rb8 28. Bc3 Na6 29. Bb5 Rc7 30. Rc1 Nb4 31. Bxb4 cxb4 32. Rxc7 Qxc7 33. f5 exf5 34. Qf3 fxg4 35. Qxd5 Rd8 0-1


[Site "https://www.chess.com"]

[Event "Titled Tuesday Blitz April 11 Late 2023"]
[White "Erzhanov, Arman"]
[Black "Romero Ruscalleda, Josep"]
[WhiteFideId "4138821"]
[BlackFideId "2231859"]
[WhiteElo "2138"]
[BlackElo "2183"]
[Result "0-1"]
[Round "02"]
[TimeControl "180+2"]
[Date "2023.04.11"]
[WhiteClock "0:01:02"]
[BlackClock "0:00:48"]

1. e4 g6 2. g3 Bg7 3. Bg2 d6 4. Ne2 c5 5. O-O Nc6 6. c3 Nf6 7. d4 cxd4 8. cxd4 O-O 9. Nbc3 Bg4 10. f3 Bd7 11. h3 Rc8 12. Be3 Qa5 13. Qd2 e5 14. Rad1 Rfd8 15. Kh2 d5 16. exd5 Nxd5 17. Nxd5 Qxd5 18. f4 e4 19. Nc3 Qa5 20. Bxe4 Bf5 21. Bg2 Nxd4 22. Nd5 Rxd5 23. b4 Nf3+ 24. Rxf3 Rxd2 25. bxa5 Rxd1 26. Bxa7 Be4 27. Rf2 Bxg2 28. Kxg2 Rdc1 0-1


[Site "https://www.chess.com"]

[Event "Titled Tuesday Blitz April 11 Late 2023"]
[White "Coelho, Ramyres Santana"]
[Black "Dauner, Benedikt"]
[WhiteFideId "2120690"]
[BlackFideId "16225899"]
[WhiteElo "1888"]
[BlackElo "2205"]
[Result "1-0"]
[Round "02"]
[TimeControl "180+2"]
[Date "2023.04.11"]
[WhiteClock "0:01:34"]
[BlackClock "0:00:30"]

1. e4 c5 2. Nf3 Nc6 3. d4 cxd4 4. c3 e5 5. cxd4 exd4 6. Nxd4 Nf6 7. Nc3 Bb4 8. Nxc6 dxc6 9. Qxd8+ Kxd8 10. Bg5 Kc7 11. Bd3 Re8 12. Bf4+ Bd6 13. Bxd6+ Kxd6 14. f4 Kc7 15. O-O Bg4 16. e5 Nd7 17. h3 Be6 18. Rac1 Nc5 19. Bxh7 g6 20. b4 Nd3 21. Rcd1 Nxb4 22. Ne4 Rh8 23. Nf6 Nd5 24. Nxd5+ cxd5 25. Rc1+ Kb6 26. Rc3 Rxh7 27. Rb1+ 1-0


[Site "https://www.chess.com"]

[Event "Titled Tuesday Blitz April 11 Late 2023"]
[White "Zaksaite, Salomeja"]
[Black "Reprintsev, Alexander"]
[WhiteFideId "12801496"]
[BlackFideId "14100541"]
[WhiteElo "2059"]
[BlackElo "2211"]
[Result "0-1"]
[Round "02"]
[TimeControl "180+2"]
[Date "2023.04.11"]
[WhiteClock "0:00:01"]
[BlackClock "0:01:02"]

1. e4 d5 2. exd5 Qxd5 3. Nc3 Qa5 4. Bc4 Nf6 5. d3 Bg4 6. f3 Be6 7. Bxe6 fxe6 8. Qe2 Nc6 9. Be3 Nd5 10. Qd2 g6 11. Nge2 Bg7 12. O-O O-O-O 13. Rad1 Nxc3 14. bxc3 Qxa2 15. Ra1 Qd5 16. Rfb1 b6 17. c4 Qe5 18. Ra2 Rhf8 19. c5 Rd5 20. cxb6 axb6 21. Bf4 Qf6 22. Ra8+ Kb7 23. Rxf8 Qxf8 24. c4 Ra5 25. Be3 Qa8 26. c5 Ra1 27. Qc1 Rxb1 28. Qxb1 Qa1 29. Qxa1 Bxa1 30. Nf4 Bd4 31. Kf2 e5 32. Ne6 bxc5 33. Nf8 Nb4 34. Nxh7 Nxd3+ 35. Ke2 Nf4+ 36. Bxf4 exf4 37. Nf8 g5 38. Ne6 Bf6 39. Nxc5+ Kc6 40. Ne4 Kd5 41. g3 fxg3 42. hxg3 c5 43. Nf2 Kc4 44. Ng4 Kc3 45. Ne3 c4 46. f4 gxf4 47. gxf4 Kb3 48. Kd1 Bd4 49. Nd5 Bc5 50. Nc7 c3 51. Ne6 c2+ 52. Ke2 c1=Q 53. Nxc5+ Qxc5 0-1


[Site "https://www.chess.com"]

[Event "Titled Tuesday Blitz April 11 Late 2023"]
[White "Alahakoon, Isuru"]
[Black "Papayan, Oleg"]
[WhiteFideId "9900993"]
[BlackFideId "4193911"]
[WhiteElo "1995"]
[BlackElo "2153"]
[Result "1-0"]
[Round "02"]
[TimeControl "180+2"]
[Date "2023.04.11"]
[WhiteClock "0:00:34"]
[BlackClock "0:00:03"]

1. Nf3 Nf6 2. d4 d5 3. c4 e6 4. Nc3 c5 5. e3 Nc6 6. cxd5 exd5 7. Be2 c4 8. O-O Bb4 9. Ne5 O-O 10. f4 Bxc3 11. bxc3 Ne4 12. Qc2 f5 13. Ba3 Rf6 14. Rab1 Rh6 15. g3 Qa5 16. Bb4 Qc7 17. Ba3 Rb8 18. Rb5 Be6 19. Rfb1 a6 20. Rb6 Na7 21. Bd6 Nxd6 22. Qa4 Nab5 23. Qa5 Nc8 24. R6xb5 Qxa5 25. Rxa5 Bf7 26. Bf3 Ne7 27. Rc5 b5 28. Rc7 Re6 29. a4 Rc8 30. Rxc8+ Nxc8 31. axb5 Rb6 32. Ra1 axb5 33. Ra8 Be6 34. Bxd5 Bxd5 35. Rxc8# 1-0


[Site "https://www.chess.com"]

[Event "Titled Tuesday Blitz April 11 Late 2023"]
[White "Sztokbant, Bernardo Vainzoff"]
[Black "Tsotsonava, Elene"]
[WhiteFideId "2115956"]
[BlackFideId "13615939"]
[WhiteElo "2222"]
[BlackElo "1829"]
[Result "1-0"]
[Round "02"]
[TimeControl "180+2"]
[Date "2023.04.11"]
[WhiteClock "0:00:11"]
[BlackClock "0:00:13"]

1. e4 c5 2. Nf3 Nc6 3. Nc3 e6 4. d4 cxd4 5. Nxd4 Qc7 6. Be3 a6 7. Qd2 Nf6 8. f3 Be7 9. O-O-O b5 10. Kb1 Bb7 11. g4 Nxd4 12. Qxd4 Rc8 13. a3 d5 14. g5 e5 15. Qb6 Qxb6 16. Bxb6 Nd7 17. Ba5 d4 18. Ne2 Bd8 19. Bd2 Nc5 20. Nc1 O-O 21. h4 f5 22. gxf6 Rxf6 23. Be2 Be7 24. Bg5 Rf7 25. Bxe7 Rxe7 26. Nd3 Nxd3 27. Bxd3 Rf7 28. Be2 Rc6 29. Rdg1 Rcf6 30. Rg5 Re7 31. Rhg1 Kf8 32. Kc1 h6 33. R5g3 Rf4 34. h5 Bc6 35. Rg6 Be8 36. Rxa6 Bxh5 37. Bxb5 Bxf3 38. Ra8+ Kf7 39. Bc4+ Kf6 40. Rf8+ Rf7 41. Rxf7# 1-0


[Site "https://www.chess.com"]

[Event "Titled Tuesday Blitz April 11 Late 2023"]
[White "Jonkman, Harmen"]
[Black "Sahl, Bjarke"]
[WhiteFideId "1002708"]
[BlackFideId "1400231"]
[WhiteElo "2368"]
[BlackElo "2307"]
[Result "1-0"]
[Round "02"]
[TimeControl "180+2"]
[Date "2023.04.11"]
[WhiteClock "0:00:52"]
[BlackClock "0:00:13"]

1. e4 Nc6 2. Nf3 e5 3. Bb5 a6 4. Ba4 Nf6 5. d3 Bc5 6. O-O b5 7. Bb3 d6 8. a4 Rb8 9. h3 h6 10. axb5 axb5 11. Nc3 g5 12. Nh2 Nd4 13. Ba2 g4 14. hxg4 Rg8 15. Nd5 Nxg4 16. Ne3 Nxh2 17. Kxh2 Qh4+ 18. Kg1 Bg4 19. f3 Bh3 20. Rf2 Ne6 21. c3 Qxf2+ 22. Kxf2 Rxg2+ 23. Ke1 Rg1+ 24. Kd2 Rxd1+ 25. Kxd1 Nf4 26. Kc2 b4 27. Bc4 1-0


[Site "https://www.chess.com"]

[Event "Titled Tuesday Blitz April 11 Late 2023"]
[White "Shapiro, Viktor"]
[Black "Antonova, Nadezhda"]
[WhiteFideId "4175700"]
[BlackFideId "14700182"]
[WhiteElo "2152"]
[BlackElo "1765"]
[Result "1-0"]
[Round "02"]
[TimeControl "180+2"]
[Date "2023.04.11"]
[WhiteClock "0:01:13"]
[BlackClock "0:00:35"]

1. c4 Nf6 2. Nc3 g6 3. g3 Bg7 4. Bg2 O-O 5. Nf3 d6 6. O-O Nc6 7. d3 e5 8. Rb1 a5 9. a3 Nd4 10. Nxd4 exd4 11. Nb5 Ne8 12. e3 dxe3 13. Bxe3 c6 14. Nc3 Nf6 15. h3 d5 16. cxd5 Nxd5 17. Nxd5 cxd5 18. d4 Bf5 19. Rc1 Qd7 20. g4 Be4 21. Qb3 Bxg2 22. Kxg2 Rfe8 23. Rc5 Red8 24. Rfc1 Qe6 25. Rc7 Qe4+ 26. f3 Qe6 27. Bf2 b6 28. R1c6 Qe2 29. Rc2 Qe6 30. R7c6 Rd6 31. Qxb6 Rad8 32. Qxa5 h5 33. Qxd8+ Rxd8 34. Rxe6 fxe6 35. b4 Ra8 36. Rc3 hxg4 37. hxg4 Kf7 38. b5 Ke8 39. b6 Bf8 40. b7 Rb8 41. Rc8+ 1-0


[Site "https://www.chess.com"]

[Event "Titled Tuesday Blitz April 11 Late 2023"]
[White "Rios Escobar, Adan"]
[Black "Lesbekova, Assel"]
[WhiteFideId "3403645"]
[BlackFideId "13713248"]
[WhiteElo "2234"]
[BlackElo "1799"]
[Result "0-1"]
[Round "02"]
[TimeControl "180+2"]
[Date "2023.04.11"]
[WhiteClock "0:00:02"]
[BlackClock "0:00:47"]

1. d4 Nf6 2. g3 c5 3. d5 g6 4. c4 Bg7 5. Nc3 d6 6. Nf3 O-O 7. Bg2 e5 8. e4 Ne8 9. h4 f5 10. Bg5 Qb6 11. Qd2 f4 12. O-O-O h6 13. gxf4 hxg5 14. fxe5 g4 15. Nh2 Bxe5 16. Kc2 Na6 17. Rdg1 Bd4 18. f3 g3 19. Nf1 Nb4+ 20. Kb1 Qa6 21. h5 Bxg1 22. hxg6 Bh2 23. Nxh2 gxh2 24. Rxh2 Qxc4 25. Rh8+ Kg7 26. Qh6+ Kf6 27. Qxf8+ Ke5 28. Qxe8+ Kf4 29. Rf8+ Ke3 30. a3 Qd3+ 31. Ka1 Nc2+ 32. Ka2 Qc4+ 33. Kb1 Qb3 34. g7 Nxa3+ 35. Ka1 Nc2+ 36. Kb1 Na3+ 37. Ka1 Nc4 0-1


[Site "https://www.chess.com"]

[Event "Titled Tuesday Blitz April 11 Late 2023"]
[White "Vujcic, Milena"]
[Black "Prydun, Andriy"]
[WhiteFideId "954748"]
[BlackFideId "14145898"]
[WhiteElo "1882"]
[BlackElo "2164"]
[Result "0-1"]
[Round "02"]
[TimeControl "180+2"]
[Date "2023.04.11"]
[WhiteClock "0:00:42"]
[BlackClock "0:01:33"]

1. e4 d5 2. exd5 Qxd5 3. Nc3 Qd6 4. d4 c6 5. Nf3 Nf6 6. g3 Bg4 7. Bg2 e6 8. O-O Be7 9. Bf4 Qd8 10. h3 Bxf3 11. Bxf3 O-O 12. Ne4 Nbd7 13. c4 Nxe4 14. Bxe4 Bg5 15. Bd6 Be7 16. Bxe7 Qxe7 17. Qh5 Nf6 18. Qe2 Nxe4 19. Qxe4 Qf6 20. Rad1 Rfe8 21. b4 Qg6 22. Qe5 Rad8 23. Qc7 Rb8 24. Rd2 Qg5 25. Rfd1 Qd8 26. Qe5 Qf6 27. Qc5 Ra8 28. Re1 h6 29. d5 exd5 30. Rxe8+ Rxe8 31. cxd5 Qf3 32. Qc1 cxd5 33. Rc2 d4 34. Rc8 Rxc8 35. Qxc8+ Kh7 36. Kf1 d3 37. Qd7 Qh1# 0-1


[Site "https://www.chess.com"]

[Event "Titled Tuesday Blitz April 11 Late 2023"]
[White "Gil Alba, Hector Luis"]
[Black "Stanisz, Patryk"]
[WhiteFideId "3504670"]
[BlackFideId "1123106"]
[WhiteElo "2331"]
[BlackElo "2069"]
[Result "1-0"]
[Round "02"]
[TimeControl "180+2"]
[Date "2023.04.11"]
[WhiteClock "0:01:43"]
[BlackClock "0:00:38"]

1. e4 c5 2. Nf3 Nc6 3. Bb5 g6 4. O-O Bg7 5. Re1 Nf6 6. e5 Nd5 7. Nc3 Nc7 8. Bxc6 dxc6 9. Ne4 O-O 10. d3 b6 11. h3 Ne6 12. Be3 Nd4 13. Nxd4 cxd4 14. Bf4 c5 15. Qd2 Re8 16. Bh6 Bxe5 17. Ng5 Bf6 18. Ne4 Bh8 19. Qf4 Bb7 20. Ng5 Bf6 21. Ne4 Bxe4 22. Rxe4 Qd7 23. Rae1 Bg7 24. Bxg7 Kxg7 25. Qh4 e6 26. Qg3 Rad8 27. h4 Qd6 28. Qf3 h5 29. Re5 Qe7 30. Rg5 Qf6 31. Qxh5 Rh8 32. Qg4 Kf8 33. Re4 Rd5 34. Rxd5 exd5 35. Rf4 Qe6 1-0


[Site "https://www.chess.com"]

[Event "Titled Tuesday Blitz April 11 Late 2023"]
[White "Svicevic, Rastko"]
[Black "Gonzalez, Francisco Silva"]
[WhiteFideId "916315"]
[BlackFideId "1512285"]
[WhiteElo "2071"]
[BlackElo "2074"]
[Result "0-1"]
[Round "02"]
[TimeControl "180+2"]
[Date "2023.04.11"]
[WhiteClock "0:00:23"]
[BlackClock "0:00:49"]

1. d4 Nf6 2. Bg5 c5 3. Bxf6 gxf6 4. d5 f5 5. c4 Bg7 6. Nc3 Qa5 7. Qc2 Na6 8. a3 d6 9. e3 Nc7 10. Bd3 b5 11. cxb5 Nxd5 12. Ne2 Nxc3 13. Nxc3 e6 14. O-O Bb7 15. Rfc1 O-O 16. Qe2 e5 17. Qh5 e4 18. Bc4 Bc8 19. Nd5 Qd8 20. Rab1 Be6 21. Nf4 Qf6 22. Qe2 Rad8 23. Rd1 Qe5 24. a4 d5 25. Ba2 c4 26. Nxe6 fxe6 27. Rbc1 Kh8 28. Rc2 Rg8 29. Kh1 Bf6 30. b4 Rg6 31. a5 Rdg8 32. g3 Qb8 33. Bxc4 dxc4 34. Qxc4 Be7 35. Rd7 Re8 36. Qd4+ Kg8 37. Rcc7 Rg7 38. Qe5 Kf8 39. Rxe7 Rexe7 40. b6 Rxc7 0-1


[Site "https://www.chess.com"]

[Event "Titled Tuesday Blitz April 11 Late 2023"]
[White "Wu, Brandon"]
[Black "Albuquerque Junior,Wellington S."]
[WhiteFideId "30909228"]
[BlackFideId "2151480"]
[WhiteElo "2123"]
[BlackElo "2109"]
[Result "0-1"]
[Round "02"]
[TimeControl "180+2"]
[Date "2023.04.11"]
[WhiteClock "0:00:14"]
[BlackClock "0:00:09"]

1. Nf3 Nf6 2. c4 c5 3. g3 g6 4. Bg2 Bg7 5. O-O O-O 6. Nc3 d6 7. d4 cxd4 8. Nxd4 Nc6 9. Nxc6 bxc6 10. Bxc6 Rb8 11. Bg2 Qa5 12. Qc2 Bb7 13. e4 Rfc8 14. Qe2 Ba6 15. Rd1 Bxc4 16. Qe1 Ng4 17. Bd2 Ne5 18. Nd5 Qd8 19. Ba5 Qd7 20. Bc3 Nd3 21. Rxd3 Bxd3 22. Bxg7 Kxg7 23. Qe3 Bc4 24. Nf4 e5 25. Bh3 Be6 26. Nxe6+ fxe6 27. f4 Rxb2 28. Rd1 Qe7 29. Qa3 Rb7 30. Qxd6 Qxd6 31. Rxd6 Rc1+ 32. Kf2 Rb2+ 33. Kf3 Rc3+ 34. Kg4 Rxh2 35. Rd7+ Kf6 36. Rd8 h5+ 37. Kh4 exf4 38. Rf8+ Kg7 39. Rxf4 e5 40. Rf1 Kh6 41. Rf5 gxf5 42. exf5 Kg7 43. Kxh5 Rxh3+ 44. Kg4 Rhxg3+ 0-1


[Site "https://www.chess.com"]

[Event "Titled Tuesday Blitz April 11 Late 2023"]
[White "Sariego Figueredo, Wilfredo"]
[Black "Bochnicka, Vladimir"]
[WhiteFideId "3500080"]
[BlackFideId "14943450"]
[WhiteElo "2309"]
[BlackElo "2094"]
[Result "0-1"]
[Round "02"]
[TimeControl "180+2"]
[Date "2023.04.11"]
[WhiteClock "0:00:07"]
[BlackClock "0:00:14"]

1. d4 Nf6 2. Bf4 d6 3. Nc3 g6 4. e4 Bg7 5. Qd2 O-O 6. O-O-O a6 7. Bh6 b5 8. f3 Nbd7 9. h4 b4 10. Nce2 c5 11. h5 Qa5 12. Kb1 c4 13. hxg6 fxg6 14. Bxg7 Kxg7 15. Qh6+ Kg8 16. Nf4 Nb6 17. Nxg6 Rf7 18. Nf4 c3 19. Nh5 cxb2 20. Nxf6+ exf6 21. Rh5 Qa3 22. e5 Na4 23. Ne2 dxe5 24. dxe5 Be6 25. Rg5+ Kh8 26. c4 bxc3 0-1


[Site "https://www.chess.com"]

[Event "Titled Tuesday Blitz April 11 Late 2023"]
[White "Jumanov, Elbek"]
[Black "Dahlgren, James Allen"]
[WhiteFideId "14202905"]
[BlackFideId "22256873"]
[WhiteElo "2055"]
[BlackElo "1824"]
[Result "1-0"]
[Round "02"]
[TimeControl "180+2"]
[Date "2023.04.11"]
[WhiteClock "0:01:38"]
[BlackClock "0:01:36"]

1. c4 e6 2. Nf3 d5 3. d4 Nf6 4. g3 c6 5. Bg2 dxc4 6. O-O b5 7. a4 a6 8. b3 cxb3 9. Qxb3 Bb7 10. Rd1 Nbd7 11. Ne5 Qb6 12. Bg5 Be7 13. Nxd7 Nxd7 14. Bxe7 Kxe7 15. Nc3 Rhd8 16. Ne4 f5 17. Qb4+ Kf7 18. Ng5+ Kg8 19. Qe7 Nf6 20. Qxe6+ Kh8 21. Nf7+ Kg8 22. Nh6+ Kh8 23. Qg8+ Rxg8 24. Nf7# 1-0


[Site "https://www.chess.com"]